 Dungeon Crawl Stone Soup version 0.25-a0-690-g234afa5 (webtiles) character file.

Game seed: 9345611900536860640, levelgen mode: deterministic

12765 Faels the Slicer (level 12, -10/73 HPs)
             Began as a Kobold Assassin on Mar 30, 2020.
             Was a High Priest of Okawaru.
             Mangled by a death yak simulacrum (31 damage)
             ... animated by a necromancer
             ... in a Gauntlet.
             The game lasted 00:46:01 (13831 turns).

Faels the Slicer (Kobold Assassin)                 Turns: 13831, Time: 00:46:01

Health: -10/73     AC: 20    Str: 12    XL:     12   Next: 24%
Magic:  12/13      EV: 23    Int: 12    God:    Okawaru [*****.]
Gold:   567        SH:  0    Dex: 18    Spells: 9/11 levels left

rFire    . . .     SeeInvis .   q - +3 short sword (drain)
rCold    . . .     Gourm    .   (shield restricted)
rNeg     . . .     Faith    .   O - +9 ring mail "Uppot" {Stlth+}
rPois    .         Spirit   .   Z - +2 hat {MR+}
rElec    .         Reflect  .   F - scarf {repulsion}
rCorr    .         Harm     .   M - +0 pair of gloves
MR       +....     NoTele   +   Q - +1 pair of boots
Stlth    +++++++...             E - amulet of regeneration
HPRegen  0.62/turn              H - +3 ring of slaying
MPRegen  0.13/turn              (no ring)

@: heroism, very slightly contaminated, repel missiles
A: small, carnivore
a: Heroism, Finesse, Renounce Religion


You were in a Gauntlet.
You worshipped Okawaru.
Okawaru was extremely pleased with you.
You were very full.

You visited 2 branches of the dungeon, and saw 12 of its levels.
You also visited: Gauntlet.

You collected 567 gold pieces.

Inventory:

Hand Weapons
 k - a +0 dagger of venom
 q - a +3 short sword of draining (weapon)
 P - a +2 whip of draining
 S - a +2 vorpal trident
 X - a +2 whip of electrocution
Missiles
 b - 4 atropa-tipped darts
 d - 11 poisoned darts (quivered)
 e - 10 curare-tipped darts
 G - 5 throwing nets
 V - 2 datura-tipped darts
Armour
 C - the +1 pair of gloves "Syol" {Regen+ rCorr Str-4 Dex-4, unknown}
   (You found it in a Gauntlet)

   It affects your strength (-4).
   It affects your dexterity (-4).
   It increases your rate of regeneration.
   It provides partial protection from all sources of acid and corrosion.
 F - a scarf of repulsion (worn)
 M - a +0 pair of gloves (worn)
 O - the +9 ring mail "Uppot" (worn) {Stlth+}
   (You found it on level 7 of the Dungeon)

   It makes you more stealthy.
 Q - a +1 pair of boots (worn)
 Z - a +2 hat of magic resistance (worn)
Jewellery
 E - an amulet of regeneration (around neck)
 H - a +3 ring of slaying (left hand)
Wands
 z - a wand of polymorph (11)
 A - a wand of flame (16)
 J - a wand of enslavement (11)
 K - a wand of paralysis (6)
Scrolls
 g - 2 scrolls of blinking
 h - 8 scrolls of teleportation
 i - a scroll of amnesia {unknown}
 j - a scroll of magic mapping
 m - a scroll of fog {unknown}
 n - 4 scrolls of fear
 o - 5 scrolls of enchant weapon
 p - a scroll of enchant armour
 y - a scroll of noise {unknown}
 B - a scroll of brand weapon {unknown}
 D - 4 scrolls of remove curse
Potions
 l - 2 potions of brilliance
 r - 4 potions of might
 t - 4 potions of curing
 u - 3 potions of heal wounds
 v - 3 potions of flight
 w - 2 potions of resistance
 x - a potion of haste {unknown}
 I - a potion of magic {unknown}
 N - a potion of berserk rage {unknown}
 T - a potion of lignification {unknown}
Miscellaneous
 c - a phial of floods
 s - a lightning rod (4/4)
Comestibles
 a - 2 chunks of flesh
 f - 25 rations


   Skills:
 - Level 7.8(12.8) Fighting
 - Level 12.0(17.0) Short Blades
 + Level 8.4(13.4) Maces & Flails
 - Level 7.5(12.5) Throwing
 - Level 1.2(6.2) Armour
 - Level 8.1(13.1) Dodging
 - Level 10.7(15.7) Stealth
 - Level 1.6 Invocations
 - Level 2.0 Evocations


You had 9 spell levels left.
You knew the following spells:

 Your Spells              Type           Power        Failure   Level  Hunger
a - Blink                 Tloc           N/A          71%         2    ###....

Your spell library contained the following spells:

 Spells                   Type           Power        Failure   Level  Hunger
 Magic Dart               Conj           #...         56%         1    ##.....
 Call Imp                 Summ           #.......     71%         2    ###....
 Slow                     Hex            #.......     71%         2    ###....
 Conjure Flame            Conj/Fire      #.......     90%         3    ####...
 Mephitic Cloud           Conj/Pois/Air  #.......     90%         3    ####...


Dungeon Overview and Level Annotations

Branches:
Dungeon (11/15)            Temple (1/1) D:7            Lair (0/6) D:10
    Orc (0/2) D:10        Gauntlet (1/1)

Altars:
Ashenzari
Cheibriados
Dithmenos
Elyvilon
Fedhas
Gozag
Hepliaklqana
Kikubaaqudgha
Makhleb
Nemelex Xobeh
Okawaru
Qazlal
Ru
Sif Muna
Trog
Uskayaw
Vehumet
Wu Jian
Xom
Yredelemnul
Zin
The Shining One

Annotations:
Gauntlet 8 transporters, exclusions: 2 lightning spires and orange crystal statue


Innate Abilities, Weirdness & Mutations

You are small and have problems with some larger weapons.
You are carnivorous and can eat meat at any time.


Message History

The death yak is almost dead.
You hit the death yak but do no damage.
The death yak is almost dead.
The death yak's soul is no longer bound.
The death yak completely misses you.
You hit the death yak.
The death yak is almost dead.
You hit the death yak. You drain the death yak.
You kill the death yak!
Okawaru is honoured by your kill.
Your base Maces & Flails skill increases to level 8!
A freezing mist starts to gather...
A death yak simulacrum comes into view.
The redback bites the plant but does no damage.
You hit the death yak simulacrum.
The death yak simulacrum is lightly damaged.
The death yak simulacrum gores you!
* * * LOW HITPOINT WARNING * * *
The death yak simulacrum freezes you!!
You die...

.#..#.#...#^PPP..P..#..###
####..#...#....©....#..#
.#©.#.#...#^.P....^^#..###
.#..#.#...#..#.P.#..#..#8#
#.##..#.§.#.P.P.PP^.#..###
......#...#...ssa...#..#
#######.§.###########..###
.©.#....≈....#.©Z#.....#8#
...#...≈8≈...#†.@#.8...###
.©.#....≈....#.©.#.....#
#######...###########..###
?©}...#...#|≈.YpY≈^?#..#8#
#8#...#...#.≈.≈...≈^#..###
.#8...#...#^.≈^..≈≈.#..#
.#..#.#...#.≈.≈≈≈.≈^#..###
#####.#...#≈≈.≈.≈^.≈#..#8#
.#©.#.#...#^.≈...≈.≈#..###


You could see 2 death yaks, an entropy weaver, a wolf spider, a necromancer, a
redback and a death yak simulacrum.

Vanquished Creatures
  4 two-headed ogres
  A death yak (Gauntlet)
  A wizard (Gauntlet)
  An obsidian statue (D:8)
  An ugly thing (D:10)
  A gargoyle (D:11)
  A troll (D:11)
  A hornet (D:9)
  2 hippogriffs
  7 yaks
  2 hungry ghosts
  4 porcupines
  4 ice beasts
  2 sky beasts
  4 orc warriors
  A phantom (D:6)
  5 black bears
  A necrophage (D:7)
  4 ogres
  3 centaurs
  A crocodile (D:9)
  3 big kobolds
  7 bullfrogs
  A gnoll sergeant (D:7)
  A wyvern zombie (D:10)
  2 scorpions
  2 troll zombies (D:10)
  9 killer bees
  2 howler monkeys (D:8)
  4 crimson imps
  A quasit (D:7)
  A centaur skeleton (D:8)
  A bullfrog zombie (D:5)
  7 hounds
  5 orc priests
  2 jellies
  3 bullfrog skeletons
  6 orc wizards
  Terence (D:3)
  3 iguanas
  Natasha (thrice) (D:2)
  8 worker ants
  2 killer bee zombies
  6 ogre zombies (D:10)
  2 hound zombies (D:9)
  A worker ant zombie (D:5)
  4 gnolls
  17 adders
  3 shadow imps
  A white imp (Gauntlet)
  2 oozes (D:7)
  An adder zombie (D:5)
  An adder skeleton (D:5)
  3 worms (D:2)
  2 dart slugs
  2 leopard geckos
  43 orcs
  7 giant cockroaches
  6 hobgoblins
  6 jackals (D:6)
  2 quokkas
  4 ball pythons
  3 bats
  6 frilled lizards
  2 goblins
  3 goblin zombies (D:10)
  4 hobgoblin skeletons (D:10)
  A hobgoblin zombie (D:10)
  A jackal skeleton (D:8)
  23 kobolds
  4 orc skeletons (D:10)
  13 orc zombies (D:10)
  A quokka zombie (D:8)
  8 rats
307 creatures vanquished.

Vanquished Creatures (others)
  An adder (D:4)
  A quokka (D:5)
  17 fungi
  16 plants
35 creatures vanquished.

Grand Total: 342 creatures vanquished

Notes
Turn   | Place    | Note
-------+----------+-------------------------------------------
     0 | D:1      | Faels the Kobold Assassin began the quest for the Orb.
     0 | D:1      | Reached XP level 1. HP: 12/12 MP: 1/1
    48 | D:1      | Reached XP level 2. HP: 5/18 MP: 2/2
   504 | D:1      | Reached skill level 3 in Short Blades
  1071 | D:2      | Reached XP level 3. HP: 22/22 MP: 3/3
  1343 | D:2      | Reached XP level 4. HP: 27/27 MP: 4/4
  1352 | D:2      | Found a burning altar of Makhleb,
  1649 | D:2      | Found a faded altar of an unknown god,
  2000 | D:2      | Noticed Natasha
  2011 | D:2      | Killed Natasha
  2011 | D:2      | Reached XP level 5. HP: 23/32 MP: 5/5
  2107 | D:2      | Noticed Natasha
  2156 | D:2      | Killed Natasha
  2156 | D:2      | Reached skill level 4 in Short Blades
  2449 | D:2      | Noticed Natasha
  2468 | D:2      | Killed Natasha
  2468 | D:2      | Reached XP level 6. HP: 7/37 MP: 6/6
  3175 | D:3      | Noticed Terence
  3193 | D:3      | Killed Terence
  3557 | D:3      | Found an iron altar of Okawaru,
  3561 | D:3      | Became a worshipper of Warmaster Okawaru
  3918 | D:3      | Found a hazy altar of Hepliaklqana,
  3918 | D:3      | Found a sparkling altar of Nemelex Xobeh,
  4616 | D:4      | Reached XP level 7. HP: 42/42 MP: 7/7
  5080 | D:4      | Found an ornate altar of the Wu Jian Council,
  5195 | D:4      | Found a radiant altar of Vehumet,
  5333 | D:5      | Entered Level 5 of the Dungeon
  5367 | D:5      | Reached skill level 5 in Short Blades
  5445 | D:5      | Reached * piety under Okawaru
  5449 | D:5      | Found a white marble altar of Elyvilon,
  5493 | D:5      | Got a bloodstained hunting sling
  5494 | D:5      | Identified the +4 hunting sling "Giantslayer" {flame,
                  | Int+4} (You found it on level 5 of the Dungeon)
  5881 | D:5      | Reached XP level 8. HP: 48/48 MP: 8/8
  5944 | D:5      | Found a shimmering blue altar of Sif Muna,
  5952 | D:5      | Found a snail-covered altar of Cheibriados,
  6790 | D:6      | Reached skill level 5 in Fighting
  6790 | D:6      | Reached skill level 6 in Short Blades
  6790 | D:6      | Reached skill level 5 in Throwing
  6798 | D:6      | Reached skill level 5 in Dodging
  6931 | D:6      | Reached ** piety under Okawaru
  7155 | D:6      | Found a hide-covered altar of Uskayaw,
  7173 | D:6      | Noticed a yak
  7173 | D:6      | Noticed a yak
  7174 | D:6      | Noticed a yak
  7175 | D:6      | Noticed a yak
  7176 | D:6      | Noticed a yak
  7176 | D:6      | Noticed a yak
  7209 | D:6      | Killed a yak
  7209 | D:6      | Reached XP level 9. HP: 37/54 MP: 7/9
  7438 | D:5      | Reached skill level 7 in Short Blades
  8057 | D:6      | Reached *** piety under Okawaru
  8582 | D:7      | Found a staircase to the Ecumenical Temple,
  8607 | D:7      | Noticed a hippogriff
  8620 | D:7      | Reached skill level 8 in Short Blades
  8624 | D:7      | Received a gift from Okawaru
  8637 | D:7      | Killed a hippogriff
  8637 | D:7      | Reached XP level 10. HP: 37/61 MP: 8/10
  8644 | D:7      | Reached skill level 10 in Stealth
  8763 | D:7      | Found a sacrificial altar of Ru,
  8883 | D:7      | Got a faintly humming ring mail
  8900 | D:7      | Identified the +9 ring mail "Uppot" {Stlth+} (You found it
                  | on level 7 of the Dungeon)
  9001 | D:7      | Found a shadowy altar of Dithmenos,
  9424 | Temple   | Entered the Ecumenical Temple
 10196 | D:8      | Reached **** piety under Okawaru
 10202 | D:8      | Reached skill level 9 in Short Blades
 10417 | D:8      | Noticed an obsidian statue
 10420 | D:8      | Noticed a rust devil
 10447 | D:8      | Noticed a smoke demon
 10467 | D:8      | Killed an obsidian statue
 10699 | D:8      | Learned a level 2 spell: Blink
 10701 | D:8      | Reached skill level 10 in Short Blades
 10879 | D:9      | Noticed a two-headed ogre
 10897 | D:9      | Killed a two-headed ogre
 10897 | D:9      | Received a gift from Okawaru
 10897 | D:9      | Reached skill level 11 in Short Blades
 10897 | D:9      | Reached XP level 11. HP: 22/67 MP: 11/11
 11219 | D:9      | Found a stormy altar of Qazlal,
 11387 | D:9      | Reached skill level 12 in Short Blades
 11415 | D:9      | Received a gift from Okawaru
 11507 | D:9      | Reached skill level 1 in Evocations
 11528 | D:9      | Reached skill level 1 in Invocations
 11820 | D:10     | Entered Level 10 of the Dungeon
 11820 | D:10     | Noticed a green ugly thing
 11823 | D:10     | Killed a green ugly thing
 11823 | D:10     | Received a gift from Okawaru
 11823 | D:10     | Reached skill level 1 in Armour
 11991 | D:10     | Noticed a two-headed ogre
 11994 | D:10     | Killed a two-headed ogre
 11994 | D:10     | Reached ***** piety under Okawaru
 12022 | D:10     | Noticed a two-headed ogre
 12035 | D:10     | Killed a two-headed ogre
 12267 | D:10     | Found a staircase to the Lair,
 12274 | D:10     | Noticed a two-headed ogre
 12486 | D:9      | Reached skill level 5 in Maces & Flails
 12640 | D:10     | Found a staircase to the Orcish Mines,
 12879 | D:10     | Killed a two-headed ogre
 13012 | D:10     | Received a gift from Okawaru
 13081 | D:10     | Reached XP level 12. HP: 73/73 MP: 13/13
 13396 | D:11     | Found a gate leading to a gauntlet,
 13419 | Gauntlet | Entered a Gauntlet
 13419 | Gauntlet | Found a transporter,
 13419 | Gauntlet | Found a transporter,
 13421 | Gauntlet | Noticed a wizard
 13422 | Gauntlet | Found a transporter,
 13423 | Gauntlet | Found a transporter,
 13428 | Gauntlet | Noticed a death yak
 13431 | Gauntlet | Noticed a death yak
 13433 | Gauntlet | Found a transporter,
 13437 | Gauntlet | Found a transporter,
 13437 | Gauntlet | Noticed a death yak
 13446 | Gauntlet | Noticed an entropy weaver
 13447 | Gauntlet | Found a transporter,
 13538 | Gauntlet | Found a transporter,
 13540 | Gauntlet | Found a transporter,
 13548 | Gauntlet | Found a transporter,
 13552 | Gauntlet | Found a transporter,
 13562 | Gauntlet | Found a transporter,
 13742 | Gauntlet | Killed a wizard
 13797 | Gauntlet | Got a pair of heavily runed gloves
 13829 | Gauntlet | Killed a death yak
 13831 | Gauntlet | Mangled by a death yak simulacrum

Levels and vault maps discovered:
D:1:      enne_arrival_octagon_isle, layout_basic
D:2:      minmay_evil_eye, layout_loops_ring, overflow_temple_1_default,
          chequers_ecumenical_altar_simple_redux, first_ration, uniq_natasha
D:3:      layout_basic, chequers_temple_overflow_statue_of_worship,
          okawaru_ov_weapons_minmay, minivault_27, uniq_terence
D:4:      layout_loops_ring, lemuel_crystal_altar, fiery_altar_vehumet,
          serial_bayou_pond_d, minmay_diced_spiral
D:5:      layout_basic, elyvilon_altar_4, nicolae_overflow_crystal_walls,
          basic_altar, chequers_serial_rivers_micro_a
D:6:      layout_loops_ring, eat_drink_and_be_merry_uskayaw
D:7:      layout_loops_ring, nicolae_ru_awakened_eye, kennysheep_little_box,
          minmay_temple_entry_water_ring, grunt_ogre_cave,
          hangedman_decor_points
D:8:      minmay_statue_hallways, layout_loops_ring,
          chequers_serial_rivers_micro_c, chequers_arboretum,
          minmay_misc_feat_nine_boxes, dk_rats_in_the_wall
D:9:      layout_irregular_city, overflow_temple_1_default,
          kennysheep_decorative_pillar, onia_ninara_dug_in_and_dangerous
D:10:     layout_gridville, due_lair_maze_entry_diamond, zombieorc2_lemuel
D:11:     layout_basic, gauntlet_entry_generic
Temple:   eino_wide_crystal_templ
Gauntlet: gammafunk_gauntlet_hard_choice [gammafunk_gauntlet_arena_split_x,
          gammafunk_gauntlet_arena_arrow_garden, nicolae_gauntlet_arena_t_cross,
          nicolae_gauntlet_arena_flowing_pool, nicolae_gauntlet_arena_quarters,
          gammafunk_gauntlet_arena_hedges, gauntlet_exit_spiral]

Skill      XL: |  1  2  3  4  5  6  7  8  9 10 11 12 |
---------------+-------------------------------------+-----
Short Blades   | 3 4 5 6 8 11 12 | 12.0
Dodging        | 2 3 4 5 7 8 |  8.1
Fighting       | 3 4 5 6 7 |  7.8
Throwing       | 3 4 5 6 7 |  7.5
Stealth        | 6 7 8 9 10 | 10.7
Evocations     | 2 |  2.0
Invocations    | 1 |  1.6
Armour         | 1 |  1.2
Maces & Flails | 6 8 |  8.4

Action                   |  1- 3 |  4- 6 |  7- 9 | 10-12 || total
-------------------------+-------+-------+-------+-------++-------
Melee: Dagger            |    90 |   153 |    18 |       ||   261
       Short sword       |       |    90 |   314 |   488 ||   892
       Punch             |       |       |       |     4 ||     4
       Whip              |       |       |       |   174 ||   174
Throw: Dart              |     9 |    15 |     6 |    49 ||    79
Invok: Heroism           |       |       |     5 |     9 ||    14
       Finesse           |       |       |       |     1 ||     1
Evoke: Wand              |       |       |     3 |       ||     3
  Use: Scroll            |       |     1 |     8 |    11 ||    20
 Stab: Sleeping          |     1 |     5 |     4 |    13 ||    23
       Distracted        |       |       |       |     3 ||     3
  Eat: Chunk             |     9 |    11 |    13 |    24 ||    57
Armor: Robe              |     4 |       |       |       ||     4
       Ring mail         |    17 |    39 |    62 |   113 ||   231
Dodge: Dodged            |    48 |   111 |   214 |   458 ||   831
       Deflected         |       |       |       |     3 ||     3

Table legend:
 A = Non-vault XP
 B = Vault XP
 C = Vault XP percentage of total XP
 D = Non-vault monster count
 E = Vault monster count
 F = Vault count percentage of total count
                 A         B        C        D         E       F
            +---------+---------+-------+---------+---------+-------
      Total |   13682 |    4554 |  25.0 |     247 |      60 |  19.5
            +---------+---------+-------+---------+---------+-------
        D:1 |      21 |       0 |   0.0 |      13 |       0 |   0.0
        D:2 |     210 |      90 |  30.0 |      27 |       5 |  15.6
        D:3 |      73 |      36 |  33.0 |      24 |       1 |   4.0
        D:4 |     187 |      34 |  15.4 |      19 |       2 |   9.5
        D:5 |    1149 |       0 |   0.0 |      20 |       0 |   0.0
        D:6 |    1412 |       0 |   0.0 |      20 |       0 |   0.0
        D:7 |    1983 |     112 |   5.3 |      39 |       1 |   2.5
        D:8 |     731 |     677 |  48.1 |      23 |       1 |   4.2
        D:9 |    2831 |     329 |  10.4 |      33 |       2 |   5.7
       D:10 |    4300 |    1602 |  27.1 |      26 |      43 |  62.3
       D:11 |     785 |       0 |   0.0 |       3 |       0 |   0.0
   Gauntlet |       0 |    1674 | 100.0 |       0 |       5 | 100.0
            +---------+---------+-------+---------+---------+-------
